 Dungeon Crawl Stone Soup version 0.20.0-8-g6b59dc7 (webtiles) character file.

173 joejoepie the Skirmisher (level 5, -4/63 HPs)
             Began as a Demonspawn Abyssal Knight on May 31, 2017.
             Was a Believer of Lugonu.
             Slain by Grinder (6 damage)
             ... on level 3 of the Dungeon on June 2, 2017.
             The game lasted 00:11:15 (2573 turns).

joejoepie the Skirmisher (DsAK)                     Turns: 2573, Time: 00:11:16

Health: -4/63      AC:  7    Str: 18    XL:     5   Next: 28%
Magic:  16/16      EV: 12    Int: 13    God:    Lugonu [**....]
Gold:   120        SH:  0    Dex: 13    Spells: 4/4 levels left

rFire    + . .     SeeInvis .   a - +1 spear
rCold    x . .     Gourm    .   (no shield)
rNeg     . . .     Faith    .   n - +1 leather armour
rPois    +         Spirit   .   (no helmet)
rElec    +         Reflect  .   (no cloak)
rCorr    .         Harm     .   (no gloves)
MR       .....                  (no boots)
Stlth    ..........             (no amulet)
Regen    0.2/turn               i - ring of fire
MPRegen  0.2/turn               l - ring of magical power

@: berserking, very quick
A: hooves 1, molten scales 2, poison resistance, electricity resistance
a: Depart the Abyss, Bend Space, Renounce Religion


You were on level 3 of the Dungeon.
You worshipped Lugonu.
Lugonu was pleased with you.
You were hungry.

You visited 1 branch of the dungeon, and saw 3 of its levels.
You visited the Abyss 1 time.

You collected 120 gold pieces.

Inventory:

Hand Weapons
 a - a +1 spear (weapon)
 f - a cursed +0 hand axe
Armour
 b - a +0 leather armour
 n - a +1 leather armour (worn)
Jewellery
 i - a ring of fire (left hand)
 l - a ring of magical power (right hand)
Wands
 s - a wand of random effects (31/48)
Scrolls
 d - a scroll of remove curse
 e - a scroll of recharging
 k - a scroll of identify
 m - a scroll of fog
Potions
 g - a potion of mutation
 j - a potion of lignification
 r - a potion of brilliance
Comestibles
 c - a bread ration
 h - 5 royal jellies
 o - a fruit
 q - 2 chunks of flesh


   Skills:
 + Level 3.8 Fighting
 + Level 3.3 Polearms
 + Level 2.8 Armour
 + Level 1.6 Dodging
 + Level 0.6 Stealth
 + Level 2.7 Invocations


You had 4 spell levels left.
You didn't know any spells.

Dungeon Overview and Level Annotations

Branches:
Dungeon (3/15)

Altars:

Annotations:
D:3 Grinder


Innate Abilities, Weirdness & Mutations

You are mostly covered in molten scales. (AC +3)
You have large cloven feet.
Your system is resistant to poisons. (rPois)
You are resistant to electric shocks. (rElec)


Message History

Grinder is lightly wounded.
You hit Grinder. You kick Grinder.
Grinder is moderately wounded.
You are feeling hungry.
Grinder hits you!
* * * LOW HITPOINT WARNING * * *
You writhe in agony.
* * * LOW HITPOINT WARNING * * *
You are too berserk!
You closely miss Grinder.
Grinder is moderately wounded.
You closely miss Grinder. Your kick misses Grinder.
Grinder is moderately wounded.
Grinder hits you but does no damage.
You puncture Grinder!
Grinder is heavily wounded.
You puncture Grinder!
Grinder is almost dead.
Grinder hits you.
You die...

.....................
...........#########
..#.......# . #.......# .
#..##'########## .. ##.##.#
#.....# ..# ######).#.#
#.....##### ..#
.........#.####S......S(#..#
.........#.##@5g........'.#
...........##.#####.....#..#
........#..##.#####.....#
..#
........#.>......##.....#
..#
................###.....# g.
................# #.....# .
...............# #.....#
..............## #......
.............# #......#


You could see Grinder, an adder and a goblin.

Vanquished Creatures
  An orc priest (D:3)
  Jessica (D:3)
  An orc wizard (D:3)
  4 adders
  2 worms
  2 dart slugs
  A leopard gecko (D:1)
  An orc (D:3)
  A ball python (D:1)
  2 giant cockroaches
  A hobgoblin (D:3)
  4 jackals (D:1)
  5 bats (D:2)
  3 frilled lizards
  8 goblins
  6 kobolds
  3 rats
46 creatures vanquished.

Notes
Turn   | Place    | Note
-------+----------+-------------------------------------------
     0 | Abyss:1  | joejoepie the Demonspawn Abyssal Knight began the quest for the Orb.
     0 | Abyss:1  | Reached XP level 1. HP: 18/18 MP: 2/2
    72 | Abyss:1  | Found a corrupted altar of Lugonu.
   103 | Abyss:1  | Found a bloodstained altar of Trog.
   111 | Abyss:1  | Noticed a raiju
   112 | D:1      | Escaped the Abyss
   162 | D:1      | Reached * piety under Lugonu
   341 | D:1      | Reached skill level 1 in Dodging
   419 | D:1      | Gained mutation: You are partially covered in molten scales. (AC +2) [demonic ancestry]
   419 | D:1      | Reached XP level 2. HP: 24/24 MP: 3/3
   993 | D:1      | Gained mutation: You are resistant to electric shocks. (rElec) [potion of mutation]
   993 | D:1      | Gained mutation: You have large cloven feet. [potion of mutation]
   993 | D:1      | Gained mutation: Your system is resistant to poisons. (rPois) [potion of mutation]
  1336 | D:2      | Reached XP level 3. HP: 21/29 MP: 4/4
  1703 | D:2      | Reached ** piety under Lugonu
  1941 | D:2      | Gained mutation: You are mostly covered in molten scales. (AC +3) [demonic ancestry]
  1941 | D:2      | Reached XP level 4. HP: 36/36 MP: 6/6
  2444 | D:3      | Reached XP level 5. HP: 41/42 MP: 7/7
  2516 | D:3      | Noticed Jessica
  2529 | D:3      | Killed Jessica
  2539 | D:3      | Noticed Grinder
  2559 | D:3      | Paralysed by Grinder for 5 turns
  2569 | D:3      | HP: 1/63 [Grinder (4)]
  2573 | D:3      | Slain by Grinder

Skill      XL: |  1  2  3  4 |
---------------+-------------+-----
Dodging        | 1 |  1.6
Polearms       | 2 3 |  3.3
Armour         | 2 |  2.8
Fighting       | |  3.8
Stealth        | |  0.6
Invocations    | |  2.7

Action                   |  1- 3 |  4- 6 || total
-------------------------+-------+-------++-------
Melee: Spear             |   152 |    77 ||   229
       Kick              |    13 |    20 ||    33
Invok: Depart the Abyss  |     1 |       ||     1
  Use: Scroll            |     7 |       ||     7
       Potion            |     4 |     2 ||     6
 Stab: Sleeping          |     1 |       ||     1
  Eat: Chunk             |     3 |     2 ||     5
Armor: Leather armour    |    38 |    13 ||    51
Dodge: Dodged            |    62 |    22 ||    84
